 Dungeon Crawl Stone Soup version 0.30-a0-414-gcb316572d5 (webtiles) character file.

Game seed: 7470371581245887462

408 NinjaNoafa the Basher (level 6, 0/51 HPs)
             Began as a Minotaur Fighter on Dec 7, 2022.
             Killed from afar by Dowan (20 damage)
             ... with a shard of ice
             ... on level 4 of the Dungeon.
             The game lasted 00:08:32 (3149 turns).

NinjaNoafa the Basher (Minotaur Fighter)            Turns: 3149, Time: 00:08:33

Health: 0/51       AC:  9    Str: 23    XL:     6   Next: 57%
Magic:  5/5        EV:  9    Int:  5    God:
Gold:   179        SH:  4    Dex:  9    Spells: 5/5 levels left

rFire   . . .      SeeInvis .    g - +2 whip (elec)
rCold   . . .      Faith    .    c - +0 buckler
rNeg    . . .      Spirit   .    b - +0 scale mail
rPois   .          Reflect  .    (helmet restricted)
rElec   .          Harm     .    m - +0 cloak
rCorr   .          Rampage  .    (no gloves)
Will    .....                    h - +0 pair of boots
Stlth   ..........               (no amulet)
HPRegen 0.28/turn                (no ring)
MPRegen 0.09/turn                (no ring)

@: no status effects
A: horns 2, retaliatory headbutt
a: no special abilities


You were on level 4 of the Dungeon.
You visited 1 branch of the dungeon, and saw 4 of its levels.

You collected 179 gold pieces.

Inventory:

Hand Weapons
 g - a +2 whip of electrocution (weapon)
Missiles
 f - 45 stones
 s - 4 poisoned darts (quivered)
Armour
 b - a +0 scale mail (worn)
 c - a +0 buckler (worn)
 h - a +0 pair of boots (worn)
 m - a +0 cloak (worn)
Jewellery
 A - a ring of fire
Wands
 q - a wand of charming (13)
 v - a wand of polymorph (7)
 y - a wand of iceblast (8)
Scrolls
 e - a scroll of enchant weapon {unknown}
 i - 3 scrolls of magic mapping {unknown}
 k - 4 scrolls of identify {unknown}
 l - 4 scrolls of teleportation {unknown}
 n - a scroll of blinking {unknown}
 r - a scroll of vulnerability {unknown}
 t - a scroll of fog {unknown}
 x - a scroll of noise {unknown}
 z - a scroll of immolation {unknown}
Potions
 a - a potion of invisibility {unknown}
 d - 3 potions of might
 j - a potion of mutation {unknown}
 o - a potion of ambrosia {unknown}
 p - 2 potions of degeneration {unknown}
 w - a potion of berserk rage {unknown}
 B - a potion of lignification {unknown}


   Skills:
 - Level 3.6 Fighting
 + Level 8.6 Maces & Flails
 - Level 3.6 Armour
 - Level 3.6 Shields


You had 5 spell levels left.
You didn't know any spells.
Your spell library contained the following spells:

 Spells                   Type           Power      Damage    Failure   Level
 Freeze                   Ice            0%         1d3       86%         1
 Slow                     Hex            0%         N/A       86%         1
 Summon Small Mammal      Summ           0%         N/A       86%         1
 Ensorcelled Hibernation  Hex/Ice        0%         N/A       95%         2
 Passwall                 Tmut/Erth      0%         N/A       95%         2
 Call Canine Familiar     Summ           0%         N/A       99%         3
 Confusing Touch          Hex            0%         N/A       99%         3
 Frozen Ramparts          Ice            0%         1d1       99%         3
 Hailstorm                Conj/Ice       0%         3d3       99%         3
 Ozocubu's Armour         Ice            0%         N/A       99%         3
 Summon Guardian Golem    Hex/Summ       0%         N/A       99%         3
 Swiftness                Air            0%         N/A       99%         3
 Vampiric Draining        Necr           0%         2d6       99%         3
 Metabolic Englaciation   Hex/Ice        0%         N/A       100%        5
 Simulacrum               Ice/Necr       0%         N/A       100%        6


Dungeon Overview and Level Annotations

Branches:
Dungeon (4/15)
 Temple: D:4-7

Altars:
Lugonu

Portals:
Abyss: D:3

Annotations:
D:4 Dowan


Innate Abilities, Weirdness & Mutations

You have a pair of horns on your head.
You reflexively headbutt those who attack you in melee.


Message History

You barely miss Dowan.
Dowan is moderately wounded.
Dowan hits you but does no damage.
You miss Dowan.
Dowan is moderately wounded.
Dowan hits you but does no damage.
You hit Dowan. Your headbutt misses Dowan.
Dowan is moderately wounded.
Dowan casts a spell at you. The stone arrow hits you!
You barely miss Dowan.
Dowan is moderately wounded.
Dowan hits you with a +0 dagger.
You hit Dowan.
Dowan is heavily wounded.
Dowan hits you but does no damage.
You hit Dowan. Your headbutt misses Dowan.
Dowan is severely wounded.
Dowan barely misses you.
You miss Dowan.
Dowan is severely wounded.
Dowan barely misses you.
You hit Dowan. You headbutt Dowan.
Dowan is severely wounded.
Dowan casts a spell.
Dowan blinks!
Throw: throwing net
Press: ? - help, Q - select action, (/) - cycle Shift-Dir - straight line, f - Dowan
Aim: Dowan, wielding a +0 dagger and wearing a +0 robe (severely wounded, fast, 41% to hit)
You throw a throwing net. The throwing net barely misses Dowan.
Dowan casts a spell.
Dowan blinks!
Throw: 5 darts (poison)
Press: ? - help, Q - select action, (/) - cycle Shift-Dir - straight line, f/p - Dowan
Aim: Dowan, wielding a +0 dagger and wearing a +0 robe (severely wounded, fast, 41% to hit)
You throw a poisoned dart. The poisoned dart hits Dowan.
Dowan is severely wounded.
Dowan casts a spell at you. The shard of ice hits you!!
You die...

#############.#.
#.........#...#.
#.........#...#.
#.........'..)#.
#.........#...#.
#.........#...#.
#.........#...#.
#########.........###.##
.....e§@................
......)...?...<.......##
......................#.
......................#.
......................#.
#######+#.............#.
+.............#.
..(.<..........
..######....


You could see Dowan (fast).

Vanquished Creatures
  Duvessa (D:4)
  A phantom (D:4)
  A scorpion (D:4)
  A hound (D:4)
  Ijyb (D:3)
  4 adders
  An ufetubus (D:4)
  2 worms
  4 dart slugs
  3 orcs (D:3)
  7 ball pythons
  6 bats
  An endoplasm (D:2)
  A giant cockroach (D:1)
  6 goblins
  4 hobgoblins
  4 jackals (D:1)
  15 kobolds
  4 quokkas
  3 frilled lizards
  7 rats
77 creatures vanquished.

Notes
Turn   | Place    | Note
-------+----------+-------------------------------------------
     0 | D:1      | NinjaNoafa the Minotaur Fighter began the quest for the
                  | Orb.
     0 | D:1      | Reached XP level 1. HP: 19/19 MP: 0/0
    75 | D:1      | Reached skill level 3 in Maces & Flails
   128 | D:1      | Reached XP level 2. HP: 26/26 MP: 1/1
   283 | D:1      | Reached skill level 4 in Maces & Flails
   483 | D:1      | Found a faded altar of an unknown god.
   762 | D:2      | Reached XP level 3. HP: 31/31 MP: 2/2
  1015 | D:2      | Reached skill level 5 in Maces & Flails
  1417 | D:2      | Reached XP level 4. HP: 39/39 MP: 3/3
  1769 | D:3      | Found a large runed translucent door.
  1770 | D:3      | Found a large runed translucent door.
  1771 | D:3      | Found a corrupted altar of Lugonu.
  1784 | D:3      | Found a one-way gate to the infinite horrors of the Abyss.
  1938 | D:3      | Reached skill level 6 in Maces & Flails
  2182 | D:3      | Noticed Ijyb
  2193 | D:3      | Killed Ijyb
  2194 | D:3      | Reached XP level 5. HP: 40/45 MP: 4/4
  2595 | D:4      | Noticed a phantom
  2605 | D:4      | Killed a phantom
  2606 | D:4      | Reached skill level 7 in Maces & Flails
  2954 | D:4      | Reached skill level 8 in Maces & Flails
  2954 | D:4      | Reached XP level 6. HP: 51/51 MP: 5/5
  3128 | D:4      | Noticed Duvessa
  3129 | D:4      | Noticed Dowan
  3135 | D:4      | Killed Duvessa
  3149 | D:4      | Killed from afar by Dowan

Illustrated notes

Levels and vault maps discovered:
D:1:      eino_arrival_cavern_b, layout_basic,
          hellmonk_ecumenical_altar_heavens_door
D:2:      layout_basic
D:3:      due_chaos_kobolds, layout_loops_corners, serial_glass,
          glass_columns_c, glass_columns_c, uniq_ijyb
D:4:      layout_gridville, chequers_mini_garden, roderic_lattice_a,
          uniq_duvessa

Skill      XL: |  1  2  3  4  5 |
---------------+----------------+-----
Maces & Flails | 3 4 5 6 8 |  8.6
Fighting       | |  3.6
Armour         | |  3.6
Shields        | |  3.6

Action                   |  1- 3 |  4- 6 || total
-------------------------+-------+-------++-------
Melee: Flail             |     3 |       ||     3
       Whip              |    75 |    93 ||   168
       Headbutt          |     6 |    16 ||    22
Throw: Dart              |       |     1 ||     1
       Throwing net      |       |     1 ||     1
Armor: Scale mail        |    47 |    26 ||    73
Dodge: Dodged            |    43 |    29 ||    72
Block: Buckler           |    13 |    15 ||    28

Table legend: (Time is in decaauts)
 A = Elapsed time spent in this place.
 B = Non-inter-level travel time spent in this place.
 C = Inter-level travel time spent in this place.
 D = Time resting spent in this place.
 E = Time spent auto-exploring this place.
 F = Levels seen in this place.
 G = Mean time per level.
                   A        B        C        D        E       F      G
               +--------+--------+--------+--------+--------+-----+--------+
         Total |   3126 |   2866 |    260 |      0 |   2402 |   4 |  781.5 |
       Dungeon |   3126 |   2866 |    260 |      0 |   2402 |   4 |  781.5 |
               +--------+--------+--------+--------+--------+-----+--------+

Top non-repeatable levels by time:
     D:3: 906 daAuts
     D:2: 791 daAuts
     D:1: 753 daAuts
     D:4: 675 daAuts
